Flames vs Sharks

Created - November 1 2011 at 17:22

Goals
1 2 3 T
Flames 1 1 0 2
Sharks 1 0 2 3
Shots
1 2 3 T
Flames 8 6 9 23
Sharks 6 5 19 30

Period #1

1. Sharks , Shane Doan 3 (Blake Comeau, Marek Zidlicky) at 6:05
2. Flames , Mikael Samuelsson 4 (Erik Johnson, Alex Steen) at 9:24

Penalties :
Jeff Skinner (SJS) for Roughing (Minor) at 3:48, Francois Beauchemin (SJS) for Hooking (Minor) at 9:55, Shane OBrien (SJS) for Hooking (Minor) at 14:37, Devin Setoguchi (CGY) for Roughing (Minor) at 17:31

Period #2

3. Flames , Dan Hamhuis 3 (Dan Boyle, Anze Kopitar) at 1:39

Penalties :
Teddy Purcell (CGY) for Interference (Minor) at 5:04, Dan Hamhuis (CGY) for Interference (Minor) at 6:19, Dainius Zubrus (SJS) for Holding (Minor) at 17:46

Period #3

4. Sharks , Jarret Stoll 1 (Shane Doan, Marek Zidlicky) at 4:54 (PP)
5. Sharks , Tyler Ennis 3 (Alex Tanguay, Jeff Skinner) at 8:33

Penalties :
Devin Setoguchi (CGY) for Roughing (Minor) at 0:07, Josh Gorges (CGY) for Hooking (Minor) at 4:36, Jiri Hudler (CGY) for Hooking (Minor) at 5:03, Dainius Zubrus (SJS) for Tripping (Minor) at 8:44, Michael Grabner (CGY) for Roughing (Minor) at 9:50, Bryan McCabe (SJS) for Charging (Minor) at 17:22

Goalie Stats

Miikka Kiprusoff (CGY), 27 saves from 30 shots - (0.900), L, 6-5-0, 59:07 minutes
Martin Brodeur (SJS), 21 saves from 23 shots - (0.913), W, 4-7-2, 60:00 minutes

Players Stats

Flames
Player Name              G  A  P  +/- PIM S  H  SB FO    MP 
------------------------------------------------------------
Alex Steen               0  1  1   0  0   2  0  0  1/4   22 
Anze Kopitar             0  1  1   1  0   3  2  0  16/28 18 
Carl Gunnarsson          0  0  0   0  0   0  1  0  0/0   4  
Dan Boyle                0  1  1   1  0   4  1  2  0/0   24 
Dan Hamhuis              1  0  1   1  2   3  3  3  0/0   23 
Devin Setoguchi          0  0  0   1  4   0  1  0  0/0   7  
Erik Johnson             0  1  1   0  0   3  1  1  0/0   18 
Jack Johnson             0  0  0   0  0   1  0  1  0/0   18 
Jiri Hudler              0  0  0  -1  2   0  0  0  0/1   13 
Joffrey Lupul            0  0  0   0  0   2  0  0  0/2   12 
John Tavares             0  0  0   0  0   1  0  0  19/29 22 
Josh Gorges              0  0  0  -1  2   0  3  1  0/0   17 
Michael Grabner          0  0  0   1  2   1  0  0  0/2   18 
Mikael Samuelsson        1  0  1   0  0   2  3  0  0/1   22 
Pierre-Marc Bouchard     0  0  0  -1  0   0  0  0  7/14  12 
Rob Schremp              0  0  0   0  0   0  0  0  1/4   8  
Teddy Purcell            0  0  0  -1  2   1  0  0  0/0   12 
Zach Bogosian            0  0  0  -1  0   0  1  1  0/0   17 
Sharks
Player Name              G  A  P  +/- PIM S  H  SB FO    MP 
------------------------------------------------------------
Alex Tanguay             0  1  1   0  0   2  0  0  1/1   18 
Blake Comeau             0  1  1   0  0   0  1  0  0/1   12 
Bryan McCabe             0  0  0   1  2   0  0  2  0/0   19 
Dainius Zubrus           0  0  0   0  4   1  1  0  0/0   13 
David Moss               0  0  0   0  0   0  1  0  0/0   10 
Eric Belanger            0  0  0   0  0   0  0  0  11/22 15 
Francois Beauchemin      0  0  0   0  2   0  1  2  0/0   24 
Jarret Stoll             1  0  1   0  0   1  1  1  13/28 18 
Jeff Skinner             0  1  1   0  2   6  0  0  1/1   18 
Johnny Boychuk           0  0  0   0  0   2  1  4  0/0   22 
Lauri Korpikoski         0  0  0   0  0   4  2  1  0/0   14 
Marc Savard              0  0  0   0  0   3  0  0  6/10  9  
Marek Zidlicky           0  2  2   1  0   1  0  2  0/0   22 
Mark Stuart              0  0  0   0  0   0  2  2  0/0   16 
Pierre-Alexandre Parente 0  0  0  -1  0   3  2  0  0/0   12 
Shane Doan               1  1  2   0  0   3  1  0  0/0   13 
Shane OBrien             0  0  0  -1  2   0  0  0  0/0   14 
Tyler Ennis              1  0  1   0  0   4  1  0  9/22  17 

3 Stars

1 - Shane Doan (SJS)
2 - Dan Hamhuis (CGY)
3 - Mikael Samuelsson (CGY)

Power Play

Flames - 0 on 6 Attempt(s) - 0.00%
Sharks - 1 on 7 Attempt(s) - 14.29%

Penalty Kill

Flames - 6 on 7 Attempt(s) - 85.71% - Score 0 goal in Penalty Kill
Sharks - 6 on 6 Attempt(s) - 100.00% - Score 0 goal in Penalty Kill

Game Notes

No Game Note

Finance

Level 1 -- Attendance: 4968 (76.43%) -- Ticket Income $496,800.00
Level 2 -- Attendance: 3619 (72.38%) -- Ticket Income $217,140.00
Level 3 -- Attendance: 2940 (84.00%) -- Ticket Income $102,900.00
Level 4 -- Attendance: 1496 (100.00%) -- Ticket Income $29,920.00
Luxury Box -- Attendance: 805 (80.50%) -- Ticket Income $161,000.00
Game was played at the HP Pavilion center
Total Attendance: 13828 (79.04%)
Total Ticket Income: $1,073,901.00
Other Income: $207,713.40
Total Income: $1,281,614.00


Play by Play

Period #1

0:01 of 1st period - Anze Kopitar wins face-off versus Tyler Ennis in neutral zone.
0:12 of 1st period - Icing by Alex Tanguay.
0:13 of 1st period - John Tavares wins face-off versus Tyler Ennis in Sharks zone.
0:57 of 1st period - Icing by Erik Johnson.
0:58 of 1st period - John Tavares wins face-off versus Jarret Stoll in Flames zone.
1:35 of 1st period - Shot by Michael Grabner.
1:35 of 1st period - Shot Blocked by Marek Zidlicky.
1:37 of 1st period - Shot by Devin Setoguchi.
1:37 of 1st period - Shot Misses the Net.
1:39 of 1st period - Shot by Dan Boyle.
1:39 of 1st period - Shot Blocked by Bryan McCabe.
1:56 of 1st period - Icing by Dan Boyle.
1:57 of 1st period - Marc Savard wins face-off versus Anze Kopitar in Flames zone.
2:06 of 1st period - Shot by Lauri Korpikoski.
2:06 of 1st period - Stopped by Miikka Kiprusoff without a rebound.
2:07 of 1st period - Pierre-Marc Bouchard wins face-off versus Eric Belanger in Flames zone.
3:35 of 1st period - Icing by Dainius Zubrus.
3:36 of 1st period - Marc Savard wins face-off versus Joffrey Lupul in Sharks zone.
3:40 of 1st period - Marek Zidlicky is hit by Dan Hamhuis and loses puck.
3:48 of 1st period - Minor Penalty to Jeff Skinner for Roughing.
3:49 of 1st period - Anze Kopitar wins face-off versus Eric Belanger in Sharks zone.
3:50 of 1st period - Shot by Mikael Samuelsson.
3:50 of 1st period - Shot Misses the Net.
3:52 of 1st period - Shot by Dan Boyle.
3:52 of 1st period - Stopped by Martin Brodeur without a rebound.
3:53 of 1st period - Eric Belanger wins face-off versus Michael Grabner in Sharks zone.
4:31 of 1st period - Shot by Erik Johnson.
4:31 of 1st period - Stopped by Martin Brodeur without a rebound.
4:32 of 1st period - Eric Belanger wins face-off versus Anze Kopitar in Sharks zone.
5:13 of 1st period - Off-side.
5:14 of 1st period - Eric Belanger wins face-off versus John Tavares in neutral zone.
6:03 of 1st period - Shot by Blake Comeau.
6:03 of 1st period - Shot Misses the Net.
6:05 of 1st period - Shot by Shane Doan.
6:05 of 1st period - Goal by Shane Doan - Flames : 0 - Sharks : 1.
6:06 of 1st period - Jeff Skinner wins face-off versus Pierre-Marc Bouchard in neutral zone.
6:58 of 1st period - Alex Steen is hit by Dainius Zubrus and loses puck.
7:55 of 1st period - Shot by Eric Belanger.
7:55 of 1st period - Shot Blocked by Dan Boyle.
7:57 of 1st period - Shot by David Moss.
7:57 of 1st period - Shot Misses the Net.
7:59 of 1st period - Shot by Pierre-Alexandre Parenteau.
7:59 of 1st period - Deflect By David Moss.
7:59 of 1st period - Shot Misses the Net.
8:14 of 1st period - Shot by David Moss.
8:14 of 1st period - Shot Misses the Net.
8:18 of 1st period - Shot by Eric Belanger.
8:18 of 1st period - Shot Misses the Net.
9:24 of 1st period - Shot by Mikael Samuelsson.
9:24 of 1st period - Goal by Mikael Samuelsson - Flames : 1 - Sharks : 1.
9:25 of 1st period - John Tavares wins face-off versus Tyler Ennis in neutral zone.
9:31 of 1st period - Icing by Jeff Skinner.
9:32 of 1st period - John Tavares wins face-off versus Tyler Ennis in Sharks zone.
9:35 of 1st period - Shot by Alex Steen.
9:35 of 1st period - Shot Misses the Net.
9:37 of 1st period - Shot by John Tavares.
9:37 of 1st period - Shot Misses the Net.
9:41 of 1st period - Shot by John Tavares.
9:41 of 1st period - Stopped by Martin Brodeur without a rebound.
9:42 of 1st period - Tyler Ennis wins face-off versus Rob Schremp in Sharks zone.
9:50 of 1st period - Off-side.
9:51 of 1st period - John Tavares wins face-off versus Marc Savard in neutral zone.
9:55 of 1st period - Minor Penalty to Francois Beauchemin for Hooking.
9:56 of 1st period - Anze Kopitar wins face-off versus Eric Belanger in Sharks zone.
10:07 of 1st period - Shot by Jack Johnson.
10:07 of 1st period - Shot Misses the Net.
10:09 of 1st period - Shot by Anze Kopitar.
10:09 of 1st period - Shot Misses the Net.
10:11 of 1st period - Shot by Jack Johnson.
10:11 of 1st period - Stopped by Martin Brodeur without a rebound.
10:12 of 1st period - John Tavares wins face-off versus Jarret Stoll in Sharks zone.
10:12 of 1st period - John Tavares is hit by Mark Stuart.
10:17 of 1st period - Michael Grabner is hit by Mark Stuart and loses puck.
10:43 of 1st period - Icing by Michael Grabner.
10:44 of 1st period - Jarret Stoll wins face-off versus John Tavares in Flames zone.
10:50 of 1st period - Icing by Erik Johnson.
10:51 of 1st period - Jarret Stoll wins face-off versus John Tavares in Flames zone.
12:08 of 1st period - Shot by Tyler Ennis.
12:08 of 1st period - Stopped by Miikka Kiprusoff without a rebound.
12:09 of 1st period - Eric Belanger wins face-off versus Jiri Hudler in Flames zone.
14:27 of 1st period - Shot by Alex Steen.
14:27 of 1st period - Shot Blocked by Marek Zidlicky.
14:29 of 1st period - Shot by Alex Steen.
14:29 of 1st period - Deflect By Mikael Samuelsson.
14:29 of 1st period - Shot Blocked by Lauri Korpikoski.
14:36 of 1st period - Icing by Shane OBrien.
14:37 of 1st period - Pierre-Marc Bouchard wins face-off versus Marc Savard in Sharks zone.
14:37 of 1st period - Minor Penalty to Shane OBrien for Hooking.
14:38 of 1st period - Anze Kopitar wins face-off versus Jarret Stoll in Sharks zone.
14:57 of 1st period - Shot by Anze Kopitar.
14:57 of 1st period - Stopped by Martin Brodeur without a rebound.
14:58 of 1st period - Eric Belanger wins face-off versus John Tavares in Sharks zone.
15:11 of 1st period - Shot by Michael Grabner.
15:11 of 1st period - Shot Misses the Net.
15:13 of 1st period - Shot by Dan Hamhuis.
15:13 of 1st period - Shot Misses the Net.
15:15 of 1st period - Shot by Erik Johnson.
15:15 of 1st period - Shot Misses the Net.
15:17 of 1st period - Shot by Dan Hamhuis.
15:17 of 1st period - Shot Blocked by Johnny Boychuk.
15:19 of 1st period - Shot by Dan Hamhuis.
15:19 of 1st period - Shot Misses the Net.
15:23 of 1st period - Shot by Michael Grabner.
15:23 of 1st period - Deflect By Joffrey Lupul.
15:23 of 1st period - Shot Blocked by Johnny Boychuk.
15:27 of 1st period - Shot by Dan Hamhuis.
15:27 of 1st period - Shot Blocked by Johnny Boychuk.
15:55 of 1st period - Shot by Alex Steen.
15:55 of 1st period - Shot Misses the Net.
15:59 of 1st period - Shot by Dan Boyle.
15:59 of 1st period - Stopped by Martin Brodeur with a rebound.
16:26 of 1st period - Shot by Joffrey Lupul.
16:26 of 1st period - Stopped by Martin Brodeur without a rebound.
16:27 of 1st period - Anze Kopitar wins face-off versus Eric Belanger in Sharks zone.
16:42 of 1st period - Icing by Bryan McCabe.
16:43 of 1st period - Pierre-Marc Bouchard wins face-off versus Eric Belanger in Sharks zone.
17:31 of 1st period - Minor Penalty to Devin Setoguchi for Roughing.
17:32 of 1st period - Tyler Ennis wins face-off versus Alex Steen in Flames zone.
17:37 of 1st period - Shot by Johnny Boychuk.
17:37 of 1st period - Stopped by Miikka Kiprusoff without a rebound.
17:38 of 1st period - John Tavares wins face-off versus Jarret Stoll in Flames zone.
18:23 of 1st period - Dan Boyle is hit by Jarret Stoll and loses puck.
18:54 of 1st period - Shot by Jeff Skinner.
18:54 of 1st period - Stopped by Miikka Kiprusoff without a rebound.
18:55 of 1st period - Anze Kopitar wins face-off versus Tyler Ennis in Flames zone.
18:55 of 1st period - Anze Kopitar is hit by Tyler Ennis.
19:49 of 1st period - Shot by Lauri Korpikoski.
19:49 of 1st period - Stopped by Miikka Kiprusoff without a rebound.
19:50 of 1st period - Pierre-Marc Bouchard wins face-off versus Eric Belanger in Flames zone.
19:50 of 1st period - Pierre-Marc Bouchard is hit by Pierre-Alexandre Parenteau.
19:58 of 1st period - Shot by Pierre-Marc Bouchard.
19:58 of 1st period - Shot Blocked by Mark Stuart.

Period #2

0:01 of 2nd period - Alex Tanguay wins face-off versus Anze Kopitar in neutral zone.
0:08 of 2nd period - Off-side.
0:09 of 2nd period - John Tavares wins face-off versus Jarret Stoll in neutral zone.
1:29 of 2nd period - Shot by Michael Grabner.
1:29 of 2nd period - Shot Misses the Net.
1:31 of 2nd period - Shot by Devin Setoguchi.
1:31 of 2nd period - Shot Misses the Net.
1:35 of 2nd period - Shot by Dan Boyle.
1:35 of 2nd period - Shot Misses the Net.
1:37 of 2nd period - Shot by Dan Boyle.
1:37 of 2nd period - Shot Blocked by Francois Beauchemin.
1:39 of 2nd period - Shot by Dan Hamhuis.
1:39 of 2nd period - Goal by Dan Hamhuis - Flames : 2 - Sharks : 1.
1:40 of 2nd period - Pierre-Marc Bouchard wins face-off versus Marc Savard in neutral zone.
1:55 of 2nd period - Shot by Teddy Purcell.
1:55 of 2nd period - Shot Misses the Net.
2:26 of 2nd period - Icing by Josh Gorges.
2:27 of 2nd period - Eric Belanger wins face-off versus Pierre-Marc Bouchard in Flames zone.
3:00 of 2nd period - Dan Boyle is hit by David Moss and loses puck.
3:16 of 2nd period - Icing by Bryan McCabe.
3:17 of 2nd period - John Tavares wins face-off versus Eric Belanger in Sharks zone.
4:06 of 2nd period - Shot by Jeff Skinner.
4:06 of 2nd period - Stopped by Miikka Kiprusoff without a rebound.
4:07 of 2nd period - Marc Savard wins face-off versus Michael Grabner in Flames zone.
4:24 of 2nd period - Off-side.
4:25 of 2nd period - Marc Savard wins face-off versus Pierre-Marc Bouchard in neutral zone.
4:42 of 2nd period - Shot by Marc Savard.
4:42 of 2nd period - Stopped by Miikka Kiprusoff with a rebound.
5:04 of 2nd period - Minor Penalty to Teddy Purcell for Interference.
5:05 of 2nd period - Anze Kopitar wins face-off versus Tyler Ennis in Flames zone.
6:13 of 2nd period - Shot by Jarret Stoll.
6:13 of 2nd period - Shot Blocked by Josh Gorges.
6:15 of 2nd period - Shot by Shane Doan.
6:15 of 2nd period - Stopped by Miikka Kiprusoff without a rebound.
6:16 of 2nd period - Jarret Stoll wins face-off versus Anze Kopitar in Flames zone.
6:16 of 2nd period - Jarret Stoll is hit by Carl Gunnarsson.
6:19 of 2nd period - Minor Penalty to Dan Hamhuis for Interference.
6:20 of 2nd period - John Tavares wins face-off versus Tyler Ennis in Flames zone.
7:06 of 2nd period - Icing by Shane Doan.
7:07 of 2nd period - Jarret Stoll wins face-off versus Anze Kopitar in Sharks zone.
7:56 of 2nd period - Shot by Jeff Skinner.
7:56 of 2nd period - Stopped by Miikka Kiprusoff without a rebound.
7:57 of 2nd period - Anze Kopitar wins face-off versus Jarret Stoll in Flames zone.
7:57 of 2nd period - Anze Kopitar is hit by Shane Doan.
8:32 of 2nd period - Eric Belanger is hit by Dan Hamhuis and loses puck.
9:24 of 2nd period - Lauri Korpikoski is hit by Dan Hamhuis and loses puck.
10:09 of 2nd period - Shot by Mikael Samuelsson.
10:09 of 2nd period - Shot Blocked by Johnny Boychuk.
10:11 of 2nd period - Shot by Alex Steen.
10:11 of 2nd period - Stopped by Martin Brodeur without a rebound.
10:12 of 2nd period - Pierre-Marc Bouchard wins face-off versus Eric Belanger in Sharks zone.
10:13 of 2nd period - Shot by Teddy Purcell.
10:13 of 2nd period - Stopped by Martin Brodeur with a rebound.
11:14 of 2nd period - Shot by Marek Zidlicky.
11:14 of 2nd period - Shot Blocked by Zach Bogosian.
11:32 of 2nd period - Mikael Samuelsson is hit by Lauri Korpikoski and loses puck.
11:51 of 2nd period - Shot by Alex Steen.
11:51 of 2nd period - Deflect By Mikael Samuelsson.
11:51 of 2nd period - Shot Misses the Net.
13:25 of 2nd period - Shot by Dan Boyle.
13:25 of 2nd period - Deflect By Michael Grabner.
13:25 of 2nd period - Shot Blocked by Jarret Stoll.
13:43 of 2nd period - Shot by Michael Grabner.
13:43 of 2nd period - Stopped by Martin Brodeur with a rebound.
14:00 of 2nd period - Pierre-Marc Bouchard is hit by Pierre-Alexandre Parenteau and loses puck.
14:15 of 2nd period - Shot by Teddy Purcell.
14:15 of 2nd period - Shot Misses the Net.
14:59 of 2nd period - Icing by Johnny Boychuk.
15:00 of 2nd period - Tyler Ennis wins face-off versus Pierre-Marc Bouchard in Sharks zone.
16:00 of 2nd period - Shot by Pierre-Alexandre Parenteau.
16:00 of 2nd period - Stopped by Miikka Kiprusoff without a rebound.
16:01 of 2nd period - Jarret Stoll wins face-off versus Anze Kopitar in Flames zone.
16:07 of 2nd period - Off-side.
16:08 of 2nd period - John Tavares wins face-off versus Jarret Stoll in neutral zone.
16:21 of 2nd period - Shot by John Tavares.
16:21 of 2nd period - Shot Misses the Net.
17:46 of 2nd period - Minor Penalty to Dainius Zubrus for Holding.
17:47 of 2nd period - Rob Schremp wins face-off versus Jarret Stoll in Sharks zone.
18:34 of 2nd period - Shot by Joffrey Lupul.
18:34 of 2nd period - Shot Blocked by Francois Beauchemin.
18:36 of 2nd period - Shot by Josh Gorges.
18:36 of 2nd period - Deflect By Joffrey Lupul.
18:36 of 2nd period - Stopped by Martin Brodeur without a rebound.
18:37 of 2nd period - John Tavares wins face-off versus Jarret Stoll in Sharks zone.
18:43 of 2nd period - Shot by Dan Hamhuis.
18:43 of 2nd period - Shot Misses the Net.
18:45 of 2nd period - Shot by Dan Hamhuis.
18:45 of 2nd period - Stopped by Martin Brodeur without a rebound.
18:46 of 2nd period - Eric Belanger wins face-off versus John Tavares in Sharks zone.

Period #3

0:01 of 3rd period - Anze Kopitar wins face-off versus Tyler Ennis in neutral zone.
0:07 of 3rd period - Minor Penalty to Devin Setoguchi for Roughing.
0:08 of 3rd period - Jarret Stoll wins face-off versus Mikael Samuelsson in Flames zone.
0:09 of 3rd period - Shot by Shane Doan.
0:09 of 3rd period - Shot Blocked by Dan Boyle.
0:11 of 3rd period - Shot by Bryan McCabe.
0:11 of 3rd period - Shot Misses the Net.
1:09 of 3rd period - Shot by Jeff Skinner.
1:09 of 3rd period - Stopped by Miikka Kiprusoff without a rebound.
1:10 of 3rd period - Tyler Ennis wins face-off versus John Tavares in Flames zone.
1:31 of 3rd period - Shot by Tyler Ennis.
1:31 of 3rd period - Stopped by Miikka Kiprusoff with a rebound.
1:33 of 3rd period - Shot by Johnny Boychuk.
1:33 of 3rd period - Stopped by Miikka Kiprusoff without a rebound.
1:34 of 3rd period - Jarret Stoll wins face-off versus Anze Kopitar in Flames zone.
1:34 of 3rd period - Jarret Stoll is hit by Josh Gorges.
2:38 of 3rd period - Shot by Marc Savard.
2:38 of 3rd period - Deflect By Lauri Korpikoski.
2:38 of 3rd period - Stopped by Miikka Kiprusoff without a rebound.
2:39 of 3rd period - Tyler Ennis wins face-off versus Rob Schremp in Flames zone.
3:36 of 3rd period - Shot by David Moss.
3:36 of 3rd period - Shot Blocked by Erik Johnson.
3:39 of 3rd period - Icing by Erik Johnson.
3:40 of 3rd period - Marc Savard wins face-off versus Alex Steen in Flames zone.
3:40 of 3rd period - Marc Savard is hit by Erik Johnson.
3:48 of 3rd period - Shane OBrien is hit by Mikael Samuelsson.
4:36 of 3rd period - Minor Penalty to Josh Gorges for Hooking.
4:37 of 3rd period - Tyler Ennis wins face-off versus Alex Steen in Flames zone.
4:40 of 3rd period - Shot by Alex Tanguay.
4:40 of 3rd period - Stopped by Miikka Kiprusoff with a rebound.
4:42 of 3rd period - Shot by Tyler Ennis.
4:42 of 3rd period - Shot Blocked by Dan Hamhuis.
4:44 of 3rd period - Shot by Francois Beauchemin.
4:44 of 3rd period - Shot Blocked by Dan Hamhuis.
4:46 of 3rd period - Shot by Jeff Skinner.
4:46 of 3rd period - Stopped by Miikka Kiprusoff without a rebound.
4:47 of 3rd period - Jarret Stoll wins face-off versus John Tavares in Flames zone.
4:54 of 3rd period - Shot by Jarret Stoll.
4:54 of 3rd period - Goal by Jarret Stoll - Flames : 2 - Sharks : 2.
4:55 of 3rd period - Pierre-Marc Bouchard wins face-off versus Eric Belanger in neutral zone.
5:03 of 3rd period - Minor Penalty to Jiri Hudler for Hooking.
5:04 of 3rd period - Anze Kopitar wins face-off versus Tyler Ennis in Flames zone.
5:25 of 3rd period - Shot by Alex Tanguay.
5:25 of 3rd period - Stopped by Miikka Kiprusoff without a rebound.
5:26 of 3rd period - Alex Steen wins face-off versus Blake Comeau in Flames zone.
5:26 of 3rd period - Alex Steen is hit by Blake Comeau.
5:33 of 3rd period - Icing by Shane Doan.
5:34 of 3rd period - Anze Kopitar wins face-off versus Jarret Stoll in Sharks zone.
6:06 of 3rd period - Shot by Shane Doan.
6:06 of 3rd period - Stopped by Miikka Kiprusoff without a rebound.
6:07 of 3rd period - John Tavares wins face-off versus Tyler Ennis in Flames zone.
6:41 of 3rd period - Johnny Boychuk is hit by Anze Kopitar and loses puck.
6:55 of 3rd period - Icing by Jeff Skinner.
6:56 of 3rd period - John Tavares wins face-off versus Tyler Ennis in Sharks zone.
6:59 of 3rd period - Shot by Mikael Samuelsson.
6:59 of 3rd period - Stopped by Martin Brodeur without a rebound.
7:00 of 3rd period - John Tavares wins face-off versus Jarret Stoll in Sharks zone.
7:10 of 3rd period - Shot by Rob Schremp.
7:10 of 3rd period - Deflect By Michael Grabner.
7:10 of 3rd period - Shot Misses the Net.
8:09 of 3rd period - Shot by Dainius Zubrus.
8:09 of 3rd period - Deflect By Lauri Korpikoski.
8:09 of 3rd period - Shot Misses the Net.
8:11 of 3rd period - Shot by Lauri Korpikoski.
8:11 of 3rd period - Stopped by Miikka Kiprusoff with a rebound.
8:13 of 3rd period - Shot by Marc Savard.
8:13 of 3rd period - Stopped by Miikka Kiprusoff without a rebound.
8:14 of 3rd period - Tyler Ennis wins face-off versus John Tavares in Flames zone.
8:21 of 3rd period - Shot by Jeff Skinner.
8:21 of 3rd period - Shot Misses the Net.
8:23 of 3rd period - Shot by Johnny Boychuk.
8:23 of 3rd period - Shot Blocked by Jack Johnson.
8:33 of 3rd period - Shot by Tyler Ennis.
8:33 of 3rd period - Goal by Tyler Ennis - Flames : 2 - Sharks : 3.
8:34 of 3rd period - Anze Kopitar wins face-off versus Marc Savard in neutral zone.
8:44 of 3rd period - Minor Penalty to Dainius Zubrus for Tripping.
8:45 of 3rd period - Jarret Stoll wins face-off versus Anze Kopitar in Sharks zone.
8:45 of 3rd period - Jarret Stoll is hit by Anze Kopitar.
9:47 of 3rd period - Shot by Erik Johnson.
9:47 of 3rd period - Stopped by Martin Brodeur without a rebound.
9:48 of 3rd period - John Tavares wins face-off versus Eric Belanger in Sharks zone.
9:50 of 3rd period - Minor Penalty to Michael Grabner for Roughing.
9:51 of 3rd period - Tyler Ennis wins face-off versus John Tavares in Flames zone.
9:52 of 3rd period - Shot by Alex Tanguay.
9:52 of 3rd period - Shot Misses the Net.
9:56 of 3rd period - Shot by Tyler Ennis.
9:56 of 3rd period - Shot Misses the Net.
9:58 of 3rd period - Shot by Francois Beauchemin.
9:58 of 3rd period - Shot Misses the Net.
10:19 of 3rd period - Shot by Tyler Ennis.
10:19 of 3rd period - Stopped by Miikka Kiprusoff without a rebound.
10:20 of 3rd period - Jarret Stoll wins face-off versus Anze Kopitar in Flames zone.
10:41 of 3rd period - Shot by Anze Kopitar.
10:41 of 3rd period - Shot Blocked by Bryan McCabe.
10:43 of 3rd period - Shot by Alex Steen.
10:43 of 3rd period - Stopped by Martin Brodeur without a rebound.
10:44 of 3rd period - Jarret Stoll wins face-off versus John Tavares in Sharks zone.
10:44 of 3rd period - Jarret Stoll is hit by Mikael Samuelsson.
11:41 of 3rd period - Shot by Tyler Ennis.
11:41 of 3rd period - Deflect By Jeff Skinner.
11:41 of 3rd period - Stopped by Miikka Kiprusoff with a rebound.
12:05 of 3rd period - Shot by Teddy Purcell.
12:05 of 3rd period - Shot Misses the Net.
14:14 of 3rd period - Shot by Lauri Korpikoski.
14:14 of 3rd period - Shot Misses the Net.
14:16 of 3rd period - Shot by Dainius Zubrus.
14:16 of 3rd period - Stopped by Miikka Kiprusoff without a rebound.
14:17 of 3rd period - Eric Belanger wins face-off versus Pierre-Marc Bouchard in Flames zone.
14:17 of 3rd period - Mark Stuart is hit by Josh Gorges and loses puck.
14:27 of 3rd period - Pierre-Alexandre Parenteau is hit by Josh Gorges and loses puck.
14:33 of 3rd period - Eric Belanger is hit by Zach Bogosian and loses puck.
14:38 of 3rd period - Shot by Pierre-Alexandre Parenteau.
14:38 of 3rd period - Stopped by Miikka Kiprusoff without a rebound.
14:39 of 3rd period - Anze Kopitar wins face-off versus Tyler Ennis in Flames zone.
14:47 of 3rd period - Off-side.
14:48 of 3rd period - Marc Savard wins face-off versus Rob Schremp in neutral zone.
14:53 of 3rd period - Shot by Marc Savard.
14:53 of 3rd period - Stopped by Miikka Kiprusoff without a rebound.
14:54 of 3rd period - Eric Belanger wins face-off versus Pierre-Marc Bouchard in Flames zone.
15:17 of 3rd period - Shot by Pierre-Alexandre Parenteau.
15:17 of 3rd period - Stopped by Miikka Kiprusoff without a rebound.
15:18 of 3rd period - Tyler Ennis wins face-off versus Anze Kopitar in Flames zone.
15:30 of 3rd period - Alex Tanguay is hit by Dan Boyle and loses puck.
15:42 of 3rd period - Devin Setoguchi is hit by Johnny Boychuk and loses puck.
15:45 of 3rd period - Shot by Anze Kopitar.
15:45 of 3rd period - Stopped by Martin Brodeur with a rebound.
16:14 of 3rd period - Shane OBrien is hit by Mikael Samuelsson and loses puck.
16:47 of 3rd period - Shot by Marek Zidlicky.
16:47 of 3rd period - Stopped by Miikka Kiprusoff without a rebound.
16:48 of 3rd period - Jarret Stoll wins face-off versus Pierre-Marc Bouchard in Flames zone.
17:08 of 3rd period - Off-side.
17:09 of 3rd period - Anze Kopitar wins face-off versus Jarret Stoll in neutral zone.
17:12 of 3rd period - Bryan McCabe is hit by Devin Setoguchi and loses puck.
17:20 of 3rd period - Icing by Francois Beauchemin.
17:21 of 3rd period - John Tavares wins face-off versus Jarret Stoll in Sharks zone.
17:21 of 3rd period - John Tavares is hit by Francois Beauchemin.
17:22 of 3rd period - Minor Penalty to Bryan McCabe for Charging.
17:23 of 3rd period - Eric Belanger wins face-off versus Anze Kopitar in Sharks zone.
17:32 of 3rd period - Shot by Dan Boyle.
17:32 of 3rd period - Stopped by Martin Brodeur without a rebound.
17:33 of 3rd period - Jarret Stoll wins face-off versus Joffrey Lupul in Sharks zone.
18:30 of 3rd period - Shot by Dan Boyle.
18:30 of 3rd period - Shot Blocked by Mark Stuart.
18:40 of 3rd period - Shot by Dan Boyle.
18:40 of 3rd period - Stopped by Martin Brodeur without a rebound.
18:41 of 3rd period - Eric Belanger wins face-off versus Anze Kopitar in Sharks zone.
19:00 of 3rd period - Icing by Dan Boyle.
19:01 of 3rd period - Anze Kopitar wins face-off versus Eric Belanger in Flames zone.
19:01 of 3rd period - Anze Kopitar is hit by Lauri Korpikoski.
19:07 of 3rd period - Flames, Miikka Kiprusoff is pulled from the net.
19:11 of 3rd period - Shot by Anze Kopitar.
19:11 of 3rd period - Stopped by Martin Brodeur without a rebound.
19:12 of 3rd period - John Tavares wins face-off versus Jarret Stoll in Sharks zone.
19:13 of 3rd period - Shot by Erik Johnson.
19:13 of 3rd period - Stopped by Martin Brodeur without a rebound.
19:14 of 3rd period - John Tavares wins face-off versus Jarret Stoll in Sharks zone.
19:33 of 3rd period - Shot by Devin Setoguchi.
19:33 of 3rd period - Shot Misses the Net.
19:35 of 3rd period - Shot by Dan Hamhuis.
19:35 of 3rd period - Stopped by Martin Brodeur without a rebound.
19:36 of 3rd period - Anze Kopitar wins face-off versus Tyler Ennis in Sharks zone.
19:47 of 3rd period - Shot by Alex Tanguay.
19:47 of 3rd period - Deflect By Jeff Skinner.
19:47 of 3rd period - Shot Blocked by Dan Hamhuis.


Output by the SimonT Hockey Simulator (STHS) for Stephane Roy -- Original Page W3C XHTML 1.0 Valid